Map: Altitude LE

Players

Haagaimo - Winner!

  • Race: Zerg Zerg
  • League: Gold
  • Spawn Location: 1:00

BBLOoD

  • Race: Terran Terran
  • Spawn Location: 7:00

VOD

Have the link to the VOD?

Description

Time

  • Played on: March 21, 2023, 10:45 a.m.
  • Length: 21:26
Show
View Real Time Build Order
Export as new Build Order

Haagaimo Zerg - Winner!

Build Orders: Hatch First 

Get SALT Encoding   

  12  0:01  Drone  
  13  0:12  Overlord  
  13  0:17  Drone  
  14  0:30  Drone x2  
  14  0:34  Drone  
  17  0:49  Drone  
  18  0:56  Hatchery  
  17  1:13  Drone  
  17  1:14  Spawning Pool  
  17  1:20  Drone  
  18  1:29  Extractor  
  17  1:34  Drone x2  
  19  1:48  Drone  
  19  1:50  Drone  
  21  2:01  Hatchery  
  21  2:02  Zergling x2  
  21  2:07  Queen  
  23  2:10  Zergling x2  
  24  2:19  Drone  
  24  2:22  Queen  
  27  2:30  Metabolic Boost  
  27  2:42  Drone  
  28  2:44  Overlord  
  28  3:03  Drone x3  
  28  3:04  Overlord  
  31  3:10  Overlord  
  31  3:14  Drone  
  32  3:23  Drone x4  
  32  3:25  Drone  
  37  3:31  Queen  
  37  3:32  Queen  
  41  3:37  Extractor  
  41  3:40  Drone  
  41  3:42  Drone x2  
  41  3:43  Drone  
  41  3:48  Overlord  
  44  3:50  Drone  
  45  4:03  Lair  
  45  4:09  Drone  
  46  4:10  Drone x3  
  46  4:11  Drone x2  
  46  4:15  Drone x3  
  46  4:16  Zergling x2  
  55  4:24  Evolution Chamber  
  54  4:26  Evolution Chamber  
  53  4:35  Extractor  
  53  4:37  Extractor  
  51  4:41  Drone  
  51  4:42  Drone x2  
  51  4:43  Drone x4  
  58  4:46  Overlord x2  
  58  4:50  Zerg Melee Weapons Level 1  
  58  4:51  Zerg Ground Armor Level 1  
  58  4:58  Spine Crawler  
  57  5:02  Drone x2, Spine Crawler  
  58  5:07  Drone x2  
  58  5:08  Drone, Spire  
  58  5:12  Drone x2  
  62  5:17  Zergling x2  
  62  5:18  Zergling x4  
  62  5:19  Zergling x4  
  67  5:38  Zergling x4  
  67  5:39  Zergling x6  
  67  5:40  Overlord x2  
  67  5:41  Zergling x4  
  67  6:02  Zergling x4  
  67  6:03  Zergling x4  
  64  6:06  Zergling x6  
  56  6:17  Zergling x2  
  56  6:18  Zergling x4  
  59  6:19  Zergling x2  
  57  6:29  Zergling x2  
  57  6:30  Zergling x2  
  57  6:31  Zergling x2  
  57  6:32  Zergling x2  
  59  6:38  Overseer  
  57  6:41  Infestation Pit, Pneumatized Carapace  
  57  6:42  Queen  
  58  6:51  Zergling x2  
  58  6:54  Zerg Ground Armor Level 2, Zerg Melee Weapons Level 2  
  59  6:58  Drone x3  
  59  6:59  Drone  
  59  7:00  Drone x2  
  59  7:01  Drone  
  66  7:10  Zergling x2  
  66  7:11  Zergling x2  
  66  7:13  Burrow  
  68  7:17  Baneling Nest  
  68  7:21  Drone  
  68  7:22  Drone x2  
  70  7:42  Zergling x8  
  70  7:43  Zergling x2  
  70  7:44  Zergling x8  
  79  7:53  Zergling x4  
  79  7:54  Zergling x8  
  83  8:09  Zergling x2  
  83  8:10  Zergling x2  
  85  8:12  Baneling  
  85  8:13  Baneling x4  
  85  8:14  Centrifugal Hooks  
  85  8:16  Hatchery  
  85  8:19  Spine Crawler  
  83  8:20  Hatchery  
  83  8:21  Spore Crawler  
  83  8:22  Drone x3  
  83  8:23  Drone x3  
  87  8:32  Hatchery  
  86  8:34  Pathogen Glands, Infestor  
  86  8:35  Spine Crawler, Infestor  
  86  8:37  Zergling x2  
  86  8:40  Hive  
  90  8:59  Overlord x4  
  90  9:00  Extractor, Overlord  
  90  9:01  Extractor  
  88  9:16  Zergling x2  
  86  9:24  Drone x6  
  88  9:25  Drone x3  
  88  9:28  Drone  
  88  9:30  Queen  
  97  9:32  Queen  
  97  9:36  Baneling  
  97  9:37  Baneling x4  
  99  9:48  Drone x3  
  99  9:49  Extractor  
  101  9:55  Zerg Ground Armor Level 3  
  101  9:57  Zerg Melee Weapons Level 3  
  102  10:00  Zergling x18  
  81  10:17  Zergling x2  
  81  10:18  Zergling x4  
  82  10:21  Zergling x2  
  82  10:23  Zergling x18  
  82  10:24  Zergling x8  
  96  10:30  Drone x5  
  96  10:31  Drone  
  102  10:52  Adrenal Glands  
  102  10:54  Zergling x18  
  102  10:55  Infestor  
  102  10:56  Viper  
  116  11:05  Infestor x2  
  120  11:11  Drone x2  
  120  11:12  Drone x3, Extractor  
  120  11:14  Zergling x4  
  126  11:23  Zergling x2  
  126  11:24  Zergling x18  
  126  11:25  Baneling  
  136  11:26  Baneling x10  
  136  11:31  Drone x4  
  140  11:40  Spore Crawler  
  140  11:41  Drone x3, Spine Crawler, Spore Crawler  
  140  11:57  Overlord x3  
  140  12:08  Overlord  
  140  12:16  Drone x2, Hydralisk Den  
  140  12:17  Drone x6  
  140  12:19  Ultralisk Cavern  
  146  12:26  Zergling x18  
  155  12:32  Hatchery  
  155  12:35  Zerg Missile Weapons Level 1  
  154  12:39  Viper x3  
  115  13:15  Zergling x2  
  115  13:16  Zergling x16  
  124  13:25  Drone x4  
  128  13:30  Zergling x8  
  128  13:31  Zergling x2  
  128  13:32  Zergling x2, Overlord x3  
  134  13:34  Baneling  
  134  13:35  Baneling x6  
  134  13:36  Baneling  
  134  13:39  Zergling x2  
  134  13:40  Zergling x10  
  140  13:51  Drone x3  
  140  13:53  Spore Crawler  
  142  14:00  Hatchery  
  138  14:14  Drone x8  
  138  14:15  Drone x2  
  148  14:20  Chitinous Plating  
  148  14:23  Drone x6  
  148  14:24  Drone x4  
  157  14:26  Extractor  
  157  14:27  Extractor  
  157  14:30  Extractor  
  155  14:31  Extractor  
  155  14:34  Zergling x2  
  155  14:35  Zergling x4  
  157  14:40  Zergling x22  
  157  14:43  Spire  
  167  14:46  Zerg Missile Weapons Level 2  
  167  14:48  Hydralisk x2  
  167  14:49  Hydralisk x6  
  167  14:50  Hydralisk x4  
  167  14:52  Grooved Spines  
  191  14:59  Lurker Den  
  190  15:06  Drone x3  
  193  15:09  Zergling x2  
  143  15:30  Zergling x18  
  143  15:31  Zergling x2  
  143  15:32  Zergling x8  
  143  15:34  Zergling x2  
  143  15:35  Zergling x24  
  167  15:39  Drone, Zergling x6, Anabolic Synthesis  
  167  15:40  Zergling x20  
  181  15:46  Baneling  
  181  15:47  Baneling x6  
  179  15:59  Spore Crawler  
  179  16:03  Muscular Augments  
  178  16:12  Zergling x2  
  178  16:13  Zergling x10  
  152  16:31  Hatchery  
  141  16:38  Zergling x4  
  131  16:43  Lurker x4  
  131  16:45  Zergling x2  
  131  16:46  Zergling x4  
  135  16:58  Zergling x22  
  135  16:59  Zergling x2  
  135  17:00  Zergling x4  
  149  17:12  Adaptive Talons  
  149  17:15  Ultralisk  
  155  17:29  Zergling x4  
  146  17:37  Baneling x14  
  140  17:38  Baneling x11  
  140  17:39  Zergling x4  
  140  17:41  Zergling x2  
  140  17:42  Zergling x8  
  140  17:43  Zergling x16  
  155  17:44  Zergling x2  
  155  17:45  Zergling x22  
  142  18:09  Seismic Spines, Zergling x8  
  136  18:18  Zergling x4  
  136  18:19  Zergling x2  
  132  18:20  Ultralisk x3  
  132  18:22  Ultralisk x2  
  132  18:24  Ultralisk x5  
  132  18:25  Ultralisk x2, Viper x2  
  194  18:35  Zergling x2  
  195  18:43  Zergling x2  
  195  18:44  Zergling x8  
  195  18:46  Neural Parasite  
  200  19:03  Baneling x3  
  200  19:04  Baneling x4  
  200  19:05  Baneling x7  
  200  19:16  Hatchery  
  171  19:35  Zergling x2  
  171  19:36  Zergling x4  
  171  19:56  Zergling x10  
  171  19:57  Zergling x18  
  171  19:58  Zergling x4  
  187  20:02  Zergling x8  
  187  20:03  Zergling x16  
  193  20:33  Zergling x12  
  194  20:47  Baneling x12  
  194  20:48  Baneling x30  
  194  20:49  Baneling x7  
  192  20:50  Zergling x2  
  192  20:51  Zergling x4  
  192  20:52  Zergling x8  
Show
View Real Time Build Order
Export as new Build Order

BBLOoD Terran 

Build Orders: Reaper Expand 

Get SALT Encoding   

  12  0:00  SCV  
  13  0:12  SCV  
  14  0:19  Supply Depot  
  14  0:25  SCV  
  15  0:41  SCV  
  15  0:42  Barracks  
  16  0:45  Refinery  
  16  0:53  SCV  
  17  1:05  SCV  
  18  1:17  SCV  
  19  1:29  Reaper  
  19  1:30  Orbital Command  
  20  1:42  Command Center  
  20  1:56  Supply Depot  
  20  1:58  SCV  
  21  2:01  Marine  
  22  2:12  Factory  
  22  2:16  Barracks  
  22  2:47  SCV  
  22  2:49  Barracks Reactor  
  23  2:59  SCV  
  23  3:03  Orbital Command, Factory Reactor, Refinery  
  24  3:11  SCV  
  24  3:12  Barracks Tech Lab  
  25  3:28  Starport  
  25  3:30  Marine x2  
  25  3:32  Marine  
  28  3:35  SCV  
  29  3:48  Marine x2  
  31  3:49  Marine, SCV x2  
  34  4:00  Stimpack, Supply Depot  
  34  4:01  SCV  
  35  4:05  Marine  
  35  4:06  Marine  
  35  4:07  Marine  
  38  4:13  Factory Tech Lab, SCV x2  
  40  4:22  Engineering Bay  
  40  4:23  Marine x2  
  42  4:25  Marine, SCV  
  42  4:27  Medivac  
  46  4:35  Medivac  
  47  4:41  Marine x2  
  47  4:44  Marine  
  50  4:49  Engineering Bay  
  50  4:50  SCV x2  
  52  4:53  Supply Depot  
  52  4:55  Terran Infantry Weapons Level 1  
  52  4:59  Marine x2  
  54  5:15  Marine, SCV x2  
  54  5:17  Marine, Supply Depot  
  54  5:18  Refinery  
  58  5:24  Marine  
  59  5:30  Terran Infantry Armor Level 1  
  59  5:32  SCV x2  
  59  5:33  Marine  
  62  5:38  Marine  
  62  5:40  Supply Depot  
  62  5:41  Siege Tank  
  62  5:42  Barracks  
  66  5:43  Barracks  
  66  5:44  Barracks, SCV  
  64  6:03  Supply Depot  
  64  6:27  Marine  
  64  6:28  Marine x2  
  64  6:29  Siege Tank  
  64  6:30  Medivac  
  64  6:31  SCV  
  64  6:32  SCV  
  64  6:43  SCV  
  64  6:44  SCV  
  64  6:45  Marine x2  
  64  6:46  Marine  
  69  6:51  Combat Shield  
  69  6:54  Command Center  
  69  6:55  Barracks Reactor  
  69  7:00  SCV x2  
  74  7:01  Siege Tank  
  74  7:03  Marine x3  
  77  7:11  Medivac  
  77  7:14  Refinery  
  79  7:16  SCV x2  
  79  7:21  Marine x3  
  79  7:22  Armory  
  84  7:28  SCV  
  85  7:34  Supply Depot  
  85  7:35  Supply Depot  
  85  7:39  Marine  
  86  7:48  Marine  
  86  7:56  Marine x2  
  86  7:58  Supply Depot  
  88  7:59  Supply Depot  
  88  8:06  Barracks Reactor x2, Marine  
  89  8:13  Marine  
  89  8:14  Marine  
  89  8:15  Siege Tank  
  89  8:16  Medivac x2  
  89  8:17  Marine x2  
  100  8:23  Supply Depot  
  100  8:24  Marine  
  101  8:28  SCV x2  
  101  8:29  Terran Infantry Weapons Level 2  
  101  8:31  Marine  
  101  8:32  Marine  
  105  8:35  Orbital Command, Marine x2  
  105  8:40  SCV x2  
  109  8:42  Marine  
  110  8:49  Marine  
  110  8:50  Marine  
  110  8:52  SCV  
  110  8:53  SCV  
  114  8:56  Refinery  
  114  9:00  Marine x2  
  114  9:01  Marine x3, Refinery  
  114  9:02  Siege Tank  
  122  9:04  Medivac  
  122  9:05  SCV x2  
  126  9:17  SCV x2  
  127  9:20  SCV  
  129  9:29  SCV x2  
  131  9:32  SCV  
  131  9:33  Marine x3  
  131  9:34  Siege Tank  
  131  9:37  Medivac  
  131  9:38  Marine  
  141  9:45  Supply Depot  
  141  9:47  Supply Depot  
  141  9:49  Supply Depot  
  141  9:58  Sensor Tower  
  141  10:05  Marine  
  141  10:06  Marine  
  141  10:07  Medivac, Marine x7, SCV x2  
  141  10:08  Medivac, SCV  
  141  10:09  Supply Depot  
  141  10:10  Supply Depot  
  141  10:11  Sensor Tower  
  141  10:12  Supply Depot  
  136  10:23  Marine  
  136  10:24  Marine  
  136  10:25  Marine x4  
  136  10:26  SCV x3  
  145  10:33  Supply Depot  
  145  10:35  Command Center  
  145  10:36  Terran Infantry Armor Level 2, Supply Depot  
  145  10:37  Supply Depot  
  145  10:38  Terran Vehicle Weapons Level 1, SCV x3  
  148  10:59  Supply Depot  
  148  11:01  Supply Depot  
  148  11:05  Command Center  
  148  11:06  Command Center  
  148  11:08  Refinery  
  148  11:10  Refinery  
  148  11:27  Marine x8  
  148  11:28  Marine  
  157  11:45  Marine x6  
  163  12:02  Planetary Fortress  
  163  12:23  Command Center  
  163  12:24  Marine x7  
  163  12:25  Marine x2  
  172  12:33  Command Center  
  148  13:12  Marine x8  
  105  13:13  Marine  
  105  13:15  Siege Tank  
  105  13:16  Medivac x2  
  116  13:24  Barracks  
  116  13:26  Barracks  
  116  13:27  Barracks  
  116  13:28  Barracks  
  116  13:29  Marine x2  
  116  13:30  Marine x7  
  125  13:42  Planetary Fortress  
  125  13:44  Supply Depot  
  125  13:46  Medivac x2  
  125  13:47  Marine x3, Siege Tank  
  125  13:48  Marine x6  
  138  13:54  Terran Infantry Weapons Level 3, Terran Infantry Armor Level 3  
  141  14:00  Factory  
  141  14:07  Supply Depot  
  141  14:13  Barracks  
  141  14:15  Barracks  
  141  14:16  Medivac x2  
  145  14:17  Marine x2  
  145  14:18  Marine  
  145  14:20  Siege Tank  
  145  14:21  Marine x5  
  145  14:22  Marine  
  156  14:31  Supply Depot  
  156  14:35  Marine x3  
  159  14:39  Marine x6  
  165  14:46  Medivac x2, Planetary Fortress  
  165  14:47  Sensor Tower, Factory  
  165  14:52  Siege Tank  
  172  14:53  Marine x3  
  172  14:54  Command Center, Supply Depot  
  175  15:09  Orbital Command  
  175  15:10  Refinery  
  175  15:16  Medivac x2  
  175  15:18  Supply Depot  
  149  15:24  Siege Tank  
  141  15:32  Marine x4  
  141  15:33  Marine x5  
  141  15:35  SCV  
  151  15:36  Refinery  
  151  15:37  SCV x2  
  153  15:46  Medivac  
  155  15:50  Marine x7  
  155  15:51  Marine x2  
  155  15:55  Barracks Tech Lab x3  
  155  15:56  Siege Tank  
  167  16:03  Barracks Tech Lab  
  167  16:06  Ghost Academy  
  167  16:07  Marine  
  167  16:08  Marine x8  
  176  16:11  Barracks Reactor  
  176  16:16  Barracks Reactor  
  176  16:25  Marine x2  
  176  16:26  Marine x4  
  176  16:28  Siege Tank  
  176  16:31  Hi-Sec Auto Tracking  
  171  16:48  Planetary Fortress  
  158  17:51  Marine  
  158  17:52  Marine x15  
  136  18:09  Marine  
  136  18:10  Marine x2  
  136  18:16  Marine x4  
  136  18:17  Marine x9  
  136  18:18  Siege Tank  
  142  18:27  Marine  
  142  18:28  Marine x2  
  142  18:34  Marine x10  
  139  18:39  Medivac  
  139  18:40  Medivac  
  153  18:42  Ghost x3  
  153  18:46  Nuke  
  159  18:48  Concussive Shells  
  159  18:50  Siege Tank  
  159  18:52  Ghost  
  164  19:09  Medivac  
  166  19:10  Medivac  
  166  19:11  Ghost x3  
  174  19:21  Ghost  
  174  19:22  Siege Tank  
  165  19:29  Personal Cloaking  
  129  19:39  Medivac, Ghost x3  
  123  19:49  Ghost  
  121  19:54  Siege Tank  
  124  20:08  Ghost x3  
  130  20:18  Ghost  
  124  20:26  Siege Tank  
  108  20:36  Ghost x2  
Tags
 
Add a new tag
Caveats
  • Supply blocks, unpowered buildings, or Contaminate may cause inaccurate times.
  • Supply counts are checked every 10 seconds.